 Dungeon Crawl Stone Soup version 0.30.0-5-g1a98f26d00 (webtiles) character file.

Game seed: 4555400803028225028

859 Jase the Cleaver (level 8, -3/96 HPs)
             Began as a Hill Orc Fighter on May 9, 2023.
             Was a Priest of Wu Jian.
             Engulfed by a steam dragon's steam (5 damage)
             ... on level 6 of the Dungeon.
             The game lasted 00:08:42 (4825 turns).

Jase the Cleaver (Hill Orc Fighter)                 Turns: 4825, Time: 00:08:43

Health: -3/96      AC: 24    Str: 21    XL:     8   Next: 2%
Magic:  0/8        EV:  2    Int:  8    God:    Wu Jian [***...]
Gold:   302        SH:  4    Dex: 10    Spells: 7/7 levels left

rFire   . . .        a - +0 war axe
rCold   . . .        c - +0 buckler
rNeg    . . .        v - melded +0 chain mail
rPois   +            t - melded +0 helmet
rElec   .            k - melded scarf {shadows}
rCorr   .            (gloves currently unavailable)
SInv    .            (boots currently unavailable)
Will    .....        p - amulet of guardian spirit
Stlth   +            (no ring)
HPRegen 0.36/turn    (no ring)
MPRegen 0.11/turn

%: guardian spirit
@: tree-form
A: stationary, stasis, torment immunity, boosted hp
a: Renounce Religion, Wall Jump, Serpent's Lash


You were on level 6 of the Dungeon.
You worshipped Wu Jian.
Wu Jian was most pleased with you.
You were a tree.
You visited 1 branch of the dungeon, and saw 7 of its levels.

You collected 324 gold pieces.
You spent 22 gold pieces at shops.

Inventory:

Hand Weapons
 a - a +0 war axe (weapon)
 u - a +1 whip of electrocution
Missiles
 x - 4 poisoned darts (quivered)
Armour
 c - a +0 buckler (worn)
 k - a scarf of shadows (melded)
 t - a +0 helmet (melded)
 v - a +0 chain mail (melded)
Jewellery
 p - an amulet of guardian spirit (around neck)
 E - an amulet of the acrobat
Wands
 A - a wand of charming (6)
 B - a wand of iceblast (9)
Scrolls
 b - a scroll of amnesia {unknown}
 f - 2 scrolls of teleportation {unknown}
 h - 3 scrolls of enchant weapon {unknown}
 i - a scroll of fog {unknown}
 n - a scroll of enchant armour {unknown}
 o - a scroll of fear {unknown}
 r - a scroll of acquirement {unknown}
 s - a scroll of vulnerability {unknown}
 y - a scroll of brand weapon {unknown}
 D - a scroll of magic mapping {unknown}
 F - a scroll of identify
Potions
 d - 2 potions of might
 e - a potion of brilliance
 g - a potion of flight
 j - 2 potions of lignification
 l - a potion of haste {unknown}
 m - a potion of attraction {unknown}
 q - a potion of resistance {unknown}
 w - a potion of magic {unknown}
 z - a potion of curing {unknown}
 C - a potion of degeneration {unknown}


   Skills:
 - Level 3.6 Fighting
 * Level 11.7 Axes
 - Level 3.2 Armour
 - Level 3.2 Shields


You had 7 spell levels left.
You didn't know any spells.
Your spell library contained the following spells:

 Spells                   Type           Power      Damage    Failure   Level
 Necrotise                Necr           0%         1d4       47%         1
 Shock                    Conj/Air       0%         1d3       47%         1
 Swiftness                Air            0%         N/A       85%         3
 Vampiric Draining        Necr           0%         2d6       85%         3
 Airstrike                Air            0%         2d(0-16)  99%         4
 Anguish                  Hex/Necr       0%         N/A       99%         4
 Agony                    Necr           0%         N/A       100%        5
 Enfeeble                 Hex            0%         N/A       100%        7


Dungeon Overview and Level Annotations

Branches:
Dungeon (7/15)             Temple (0/1) D:4

Altars:
Wu Jian

Shops:
D:4 ?

Annotations:
D:4 1 runed translucent door, Crazy Yiuf
D:6 3 exclusions


Message History

The steam dragon claws you but does no damage.
You hit the steam dragon but do no damage.
The steam dragon is moderately wounded.
You hit the orc.
The steam dragon bites you but does no damage.
The steam dragon claws you.
* * * LOW HITPOINT WARNING * * *
The orc hits you but does no damage.
An orc comes into view. It is wielding a +0 flail.
You barely miss the steam dragon.
The steam dragon is moderately wounded.
You hit the orc but do no damage. You slash the orc wizard!
The steam dragon breathes steam at you.
The ball of steam hits you but does no damage.
You block the orc wizard's attack. You block the orc's attack.
An ufetubus opens the door.
An ogre comes into view. It is wielding a +0 giant club.
The ogre shouts!
A black bear comes into view.
The black bear growls angrily.
Found 7 gold pieces, 6 stones and 2 scrolls labelled BACZOGR LURPHA.
You barely miss the steam dragon.
The steam dragon is moderately wounded.
You barely miss the orc.
The ufetubus shouts!
You slash the orc wizard!
You kill the orc wizard!
The Council accepts your kill.
You are engulfed in a cloud of scalding steam.
The steam dragon bites you but does no damage.
You block the steam dragon's attack. The orc hits you but does no damage.
You have reached level 8!
You barely miss the steam dragon.
The steam dragon is moderately wounded.
You miss the ufetubus. You slash the orc!
You kill the orc!
The Council accepts your kill.
You hit the ice beast.
You are engulfed in a cloud of scalding steam.
You die...

..###.#..##..#+
......##.'....#
....##
..########....#
....?# .##
##..## h8..(#
## ##'## ....$#
# ##..## ..O.#
# #.)..##... #
#....'#5# ##
##..##♣)# .
####.DY5'o... #
#...s##..# ## #
##..## # .##.#
#### ....#
.#..## ......
.#####


You could see a steam dragon (catching breath), a black bear, an ice beast, an
ogre, a scorpion, a shadow imp, an orc and an ufetubus.

Vanquished Creatures
  A water moccasin (D:5)
  An ogre (D:7)
  A centaur (D:6)
  A bullfrog (D:5)
  A gnoll sergeant (D:5)
  A scorpion (D:4)
  2 jellies (D:5)
  3 hounds
  An iguana (D:5)
  2 orc wizards
  Robin (D:3)
  3 gnolls (D:5)
  4 adders
  2 worms (D:3)
  2 dart slugs
  14 orcs
  5 ball pythons
  5 endoplasms
  7 giant cockroaches
  11 goblins
  10 hobgoblins
  5 kobolds
  4 quokkas
  8 bats
  2 frilled lizards
  4 rats
101 creatures vanquished.

Notes
Turn   | Place    | Note
-------+----------+-------------------------------------------
     0 | D:1      | Jase the Hill Orc Fighter began the quest for the Orb.
     0 | D:1      | Reached XP level 1. HP: 19/19 MP: 1/1
    52 | D:1      | Reached skill level 3 in Axes
   158 | D:1      | Reached XP level 2. HP: 19/26 MP: 2/2
   300 | D:1      | Reached skill level 4 in Axes
   338 | D:1      | Found a faded altar of an unknown god.
   392 | D:1      | Prayed at the altar of an unknown god.
   392 | D:1      | Became a worshipper of the Wu Jian Council
   392 | D:1      | Reached * piety under Wu Jian
   623 | D:1      | Reached XP level 3. HP: 31/31 MP: 3/3
  1143 | D:2      | Reached skill level 5 in Axes
  1648 | D:3      | Reached XP level 4. HP: 35/39 MP: 4/4
  1823 | D:3      | Reached skill level 6 in Axes
  1974 | D:3      | Reached ** piety under Wu Jian
  2040 | D:3      | Noticed Robin
  2050 | D:3      | Killed Robin
  2224 | D:3      | Reached XP level 5. HP: 45/45 MP: 5/5
  2345 | D:4      | Reached skill level 7 in Axes
  2648 | D:4      | Found a runed translucent door.
  2649 | D:4      | Noticed Crazy Yiuf
  2713 | D:4      | Found Giwalipt's Magic Scroll Shoppe.
  2718 | D:4      | Bought a scroll of identify for 22 gold pieces
  2888 | D:4      | Found a staircase to the Ecumenical Temple.
  3026 | D:4      | Reached skill level 8 in Axes
  3369 | D:5      | Entered Level 5 of the Dungeon
  3397 | D:5      | Reached XP level 6. HP: 51/51 MP: 6/6
  3548 | D:5      | Reached skill level 9 in Axes
  3839 | D:5      | Reached XP level 7. HP: 53/57 MP: 5/7
  3896 | D:5      | Reached skill level 10 in Axes
  4374 | D:5      | Reached *** piety under Wu Jian
  4497 | D:5      | You fall into a shaft and drop 2 floors!
  4629 | D:7      | Reached skill level 11 in Axes
  4815 | D:6      | Noticed a steam dragon
  4820 | D:6      | HP: 2/57 [steam dragon (4)]
  4825 | D:6      | Reached XP level 8. HP: 2/64 MP: 0/8
  4825 | D:6      | Engulfed by a steam dragon's steam

Illustrated notes

Levels and vault maps discovered:
D:1:      heliophobic_arrival_ceremonial_halls, layout_basic,
          shapermc_ecumenical_altar_hornbeckon, chequers_serial_rivers_micro_e
D:2:      layout_rooms
D:3:      layout_loops_ring, uniq_robin
D:4:      layout_basic, temple_doors_ab, serial_shops,
          nicolae_shop_hallway_stairs, uniq_crazy_yiuf_cottage
D:5:      layout_basic
D:6:      minmay_bubble_buster, layout_loops_ring, cheibrodos_worm_habitat,
          portal_sewer_entry_e, grunt_ministairs_11
D:7:      layout_cave_pods

Skill      XL: |  1  2  3  4  5  6  7 |
---------------+----------------------+-----
Axes           | 3 4 5 6 8 9 11 | 11.7
Fighting       | |  3.6
Armour         | |  3.2
Shields        | |  3.2

Action                     |  1- 3 |  4- 6 |  7- 9 || total
---------------------------+-------+-------+-------++-------
  Melee: War axe           |    96 |   139 |    57 ||   292
Ability: Lunge             |    13 |    18 |     8 ||    39
         Whirlwind         |     1 |     3 |       ||     4
    Use: Scroll            |       |     2 |       ||     2
         Potion            |       |       |     1 ||     1
 Armour: Scale mail        |    39 |    26 |       ||    65
         Chain mail        |       |    30 |    22 ||    52
         Skin              |       |       |     8 ||     8
  Dodge: Dodged            |    33 |    46 |    12 ||    91
  Block: Buckler           |    18 |    20 |     4 ||    42
